 Dungeon Crawl Stone Soup version 0.27-a0-1136-g0b992a5a9d (console) character file.

Game seed: 3999351338913791628

2 nht the Skirmisher (level 1, 19/19 HPs)
             Began as a Ghoul Fighter on May 5, 2021.
             Was a Follower of Trog.
             Quit the game on level 1 of the Dungeon.
             The game lasted 00:00:35 (98 turns).

nht the Skirmisher (Ghoul Fighter)                    Turns: 98, Time: 00:00:35

Health: 19/19      AC:  6    Str: 19    XL:     1   Next: 40%
Magic:  0/0        EV: 22    Int:  3    God:    Trog [*.....]
Gold:   0          SH:  8    Dex:  8    Spells: 0/0 levels left

rFire    . . .     SeeInvis .     - Unarmed
rCold    + . .     Faith    .   b - +0 kite shield
rNeg     + + +     Spirit   .   a - +0 scale mail
rPois    ∞         Reflect  .   (no helmet)
rElec    .         Harm     .   (no cloak)
rCorr    .         Rampage  .   (no gloves)
Will     .....                  (no boots)
Stlth    ..........             e - amulet of the acrobat
HPRegen  0.06/turn              (no ring)
MPRegen  0.07/turn              (no ring)

@: acrobatic
A: claws 1, cold resistance 1, negative energy resistance 3, inhibited
regeneration, torment resistance 2, unbreathing 1
a: Renounce Religion


You were on level 1 of the Dungeon.
You worshipped Trog.
Trog was aware of your devotion.
You visited 1 branch of the dungeon, and saw 1 of its levels.

Inventory:

Armour
 a - a +0 scale mail (worn)
 b - a +0 kite shield (worn)
Jewellery
 e - an amulet of the acrobat (around neck)
Scrolls
 d - a scroll of summoning {unknown}
 f - a scroll of identify {unknown}
Potions
 c - a potion of might


   Skills:
 + Level 3.3 Fighting
 - Level 2.6 Armour
 - Level 2.6 Shields
 * Level 2.4 Unarmed Combat


You couldn't memorise any spells.
You didn't know any spells.
Your spell library was empty.

Dungeon Overview and Level Annotations

Branches:
Dungeon (1/15)

Altars:
Trog


Innate Abilities, Weirdness & Mutations

You thrive by killing the living.
You are immune to poison.
You have sharp fingernails.
Your flesh is cold resistant. (rC+)
You are immune to negative energy. (rN+++)
You do not regenerate when monsters are visible.
You are immune to unholy pain and torment.
You can survive without breathing.


Message History

There is a faded altar of an unknown god here.
You scratch the plant.
The plant begins to die.
The plant is lightly damaged.
You claw the plant!
The plant is lightly damaged.
You scratch the plant.
The plant is lightly damaged.
A nearby plant withers and dies.
You claw the plant!
The plant begins to die.
The plant is lightly damaged.
You scratch the plant.
The plant is lightly damaged.
You scratch the plant.
The plant is lightly damaged.
You scratch the plant.
The plant is lightly damaged.
You scratch the plant.
The plant is lightly damaged.
A nearby plant withers and dies.
You scratch the plant.
The plant begins to die.
The plant is lightly damaged.
You scratch the plant.
The plant is lightly damaged.
You scratch the plant.
The plant is lightly damaged.
You scratch the plant.
The plant is lightly damaged.
A nearby plant withers and dies.
As you open the door, it creaks loudly!
There is a faded altar of an unknown god here.
You cannot tell which god this altar belongs to.
Convert to them anyway?
Trog accepts your prayer! Trog welcomes you!
Found a chain mail.
There is an open door here.
You see here a +0 chain mail.
Found a stone staircase leading down.
Okay, then.
Okay, then.
Are you sure you want to abandon this character and quit the game? (Confirm with "yes".) █████████

.....>..█
█@█
███████.███
..........█
█████████.██
█..█ ██.█
█.██ █..█


██[█ There were no monsters in sight!

Vanquished Creatures
  An endoplasm (D:1)
  A hobgoblin (D:1)
2 creatures vanquished.

Vanquished Creatures (others)
  3 plants (D:1)
3 creatures vanquished.

Grand Total: 5 creatures vanquished

Notes
Turn   | Place    | Note
-------+----------+-------------------------------------------
     0 | D:1      | nht the Ghoul Fighter began the quest for the Orb.
     0 | D:1      | Reached XP level 1. HP: 19/19 MP: 0/0
    40 | D:1      | Found a faded altar of an unknown god.
    74 | D:1      | Became a worshipper of Trog the Wrathful
    74 | D:1      | Reached * piety under Trog
    98 | D:1      | Quit the game

Illustrated notes

Levels and vault maps discovered:
D:1:      lightli_arrival_flooded_house, layout_basic,
          shapermc_ecumenical_altar_flowoftime

Action                   || total
-------------------------++-------
Melee: Unarmed           ||    17
Armor: Scale mail        ||     1
Dodge: Dodged            ||     1
Block: Kite shield       ||     2

Table legend: (Time is in decaauts)
 A = Elapsed time spent in this place.
 B = Non-inter-level travel time spent in this place.
 C = Inter-level travel time spent in this place.
 D = Time resting spent in this place.
 E = Time spent auto-exploring this place.
 F = Levels seen in this place.
 G = Mean time per level.
                   A        B        C        D        E       F      G
               +--------+--------+--------+--------+--------+-----+--------+
         Total |    102 |    102 |      0 |      0 |     34 |   1 |  102.0 |
       Dungeon |    102 |    102 |      0 |      0 |     34 |   1 |  102.0 |
               +--------+--------+--------+--------+--------+-----+--------+

Top non-repeatable levels by time:
     D:1: 102 daAuts
